Map: Torches LE

Players

ManlyManMeat - Winner!

  • Race: Protoss Protoss
  • Spawn Location: 5:00

BorsuK

  • Race: Zerg Zerg
  • League: Silver
  • Spawn Location: 1:00

VOD

Have the link to the VOD?

Description

Time

  • Played on: May 14, 2025, 8:24 a.m.
  • Length: 17:11
Show
View Real Time Build Order
Export as new Build Order

ManlyManMeat Protoss - Winner!

Build Orders: Chargelot Immortal 

Get SALT Encoding   

  12  0:08  Probe  
  13  0:17  Probe  
  13  0:18  Pylon  
  14  0:25  Probe  
  15  0:37  Gateway  
  15  0:42  Probe  
  16  0:47  Assimilator  
  16  0:54  Probe  
  17  1:06  Pylon  
  17  1:08  Probe  
  18  1:15  Zealot  
  18  1:20  Probe  
  22  1:32  Probe  
  22  1:50  Nexus  
  22  1:55  Probe  
  22  1:59  Zealot  
  25  2:07  Pylon  
  25  2:17  Cybernetics Core  
  25  2:32  Forge  
  25  2:35  Pylon  
  25  2:40  Zealot  
  25  2:43  Warp Gate  
  27  2:54  Gateway  
  27  2:57  Probe  
  28  2:58  Probe  
  29  3:06  Probe  
  29  3:09  Zealot  
  32  3:19  Pylon  
  32  3:20  Probe  
  32  3:21  Probe  
  34  3:34  Stargate  
  34  3:39  Robotics Facility  
  34  3:44  Probe, Assimilator  
  34  3:46  Probe  
  36  4:00  Zealot, Pylon  
  38  4:03  Zealot  
  38  4:09  Probe  
  41  4:11  Probe  
  41  4:12  Protoss Shields Level 1  
  42  4:21  Probe  
  42  4:23  Pylon  
  43  4:35  Photon Cannon  
  43  4:37  Shield Battery, Probe  
  43  4:38  Probe  
  45  4:46  Probe  
  45  4:49  Probe  
  45  4:50  Phoenix  
  49  4:55  Sentry  
  51  5:15  Probe  
  51  5:16  Probe  
  51  5:18  Assimilator  
  51  5:20  Assimilator  
  53  5:24  Probe x2  
  55  5:34  Probe  
  55  5:35  Probe  
  57  5:46  Probe  
  57  5:47  Probe  
  57  5:48  Oracle  
  62  5:51  Immortal  
  62  5:52  Zealot  
  62  5:53  Zealot  
  70  5:58  Pylon  
  70  6:04  Gateway x2  
  70  6:25  Fleet Beacon  
  70  6:28  Twilight Council, Protoss Ground Weapons Level 1  
  70  6:36  Forge  
  70  6:45  Pylon  
  70  6:46  Probe  
  71  6:47  Probe  
  72  6:57  Zealot x2  
  72  6:59  Immortal  
  80  7:17  Tempest  
  84  7:25  Stargate  
  84  7:28  Robotics Facility  
  84  7:29  Charge  
  84  7:38  Photon Cannon  
  84  7:39  Shield Battery  
  84  7:40  Photon Cannon  
  84  7:42  Pylon  
  84  7:55  Stalker x3  
  90  8:03  Nexus  
  90  8:18  Immortal  
  90  8:19  Tempest  
  98  8:24  Zealot x2  
  102  8:28  Pylon  
  102  8:32  Pylon  
  102  8:55  Unknown  
  92  9:11  Probe x2  
  92  9:15  Probe  
  95  9:18  Zealot x4  
  95  9:19  Protoss Shields Level 2  
  95  9:21  Immortal, Probe x2  
  95  9:23  Carrier  
  115  9:24  Probe  
  115  9:29  Probe  
  115  9:30  Probe  
  116  9:32  Probe  
  119  9:42  Probe  
  119  9:43  Probe x2  
  122  9:48  Assimilator  
  122  9:49  Assimilator  
  122  9:51  Protoss Air Weapons Level 1  
  122  9:55  Probe x2  
  122  9:57  Protoss Ground Weapons Level 2  
  124  10:05  Observer  
  125  10:20  Robotics Facility  
  125  10:35  Phoenix  
  127  10:37  Immortal, Zealot  
  133  10:48  Pylon  
  133  10:50  Pylon  
  133  11:27  Protoss Ground Armor Level 1  
  133  11:28  Zealot x3  
  133  11:29  Blink, Zealot  
  133  11:31  Immortal  
  143  11:47  Pylon x2  
  143  11:49  Pylon  
  143  11:50  Probe x2  
  123  12:14  Zealot x4  
  113  12:22  Protoss Ground Weapons Level 3  
  93  12:30  Carrier  
  93  12:35  Stalker x4, Carrier  
  90  12:38  Immortal  
  94  12:49  Immortal  
  94  12:50  Immortal  
  108  13:04  Probe x2  
  110  13:09  Protoss Shields Level 3  
  110  13:15  Photon Cannon  
  110  13:17  Immortal, Shield Battery  
  114  13:20  Zealot x4  
  114  13:24  Carrier  
  122  13:39  Robotics Bay, Carrier  
  128  13:41  Pylon  
  142  14:00  Zealot x4  
  142  14:28  Extended Thermal Lance  
  142  14:31  Colossus x3, Nexus  
  160  14:38  Pylon  
  160  14:42  Pylon  
  160  14:44  Pylon  
  160  15:04  Probe x2  
  160  15:05  Probe  
  163  15:16  Probe x2  
  163  15:17  Probe  
  160  15:25  Colossus x2  
  166  15:28  Probe  
  163  15:45  Probe  
  163  15:47  Probe x3  
  165  15:59  Probe  
  154  16:47  Zealot x4  
Show
View Real Time Build Order
Export as new Build Order

BorsuK Zerg 

Build Orders: Hatch First 

Get SALT Encoding   

  12  0:01  Drone  
  13  0:09  Drone  
  14  0:24  Overlord  
  14  0:45  Drone  
  14  0:47  Hatchery  
  14  0:51  Drone  
  15  1:11  Drone  
  15  1:16  Drone  
  15  1:17  Drone  
  18  1:20  Spawning Pool  
  17  1:26  Overlord  
  17  1:34  Drone  
  18  1:45  Drone  
  19  1:49  Extractor  
  18  1:56  Drone  
  19  2:07  Queen  
  21  2:08  Zergling x2  
  21  2:11  Queen  
  21  2:13  Drone x2  
  26  2:17  Zergling x2  
  26  2:22  Drone  
  28  2:29  Zergling x2  
  29  2:42  Drone  
  29  2:43  Queen  
  32  2:45  Drone  
  33  2:53  Drone  
  33  2:54  Drone  
  33  2:56  Drone  
  36  3:01  Overlord  
  36  3:07  Overlord  
  36  3:19  Queen  
  38  3:23  Drone x4  
  38  3:26  Drone x4  
  46  3:29  Drone  
  47  3:38  Zergling x2  
  47  3:40  Metabolic Boost  
  48  3:44  Baneling Nest  
  48  3:46  Extractor  
  48  3:47  Drone x2  
  48  3:50  Drone  
  48  3:51  Drone  
  48  3:54  Zergling x2  
  48  3:55  Zergling x2  
  52  3:57  Overlord  
  52  4:00  Lair  
  52  4:09  Evolution Chamber  
  52  4:10  Drone  
  52  4:23  Zergling x4  
  54  4:24  Overlord  
  54  4:27  Zergling x4  
  54  4:29  Queen  
  58  4:35  Drone  
  58  4:36  Roach Warren  
  58  4:40  Drone  
  59  4:50  Drone  
  59  4:52  Spore Crawler  
  59  4:53  Zergling x6  
  62  5:03  Zergling x2  
  62  5:05  Drone x3  
  66  5:13  Spore Crawler  
  65  5:23  Centrifugal Hooks  
  65  5:24  Spire  
  64  5:30  Drone  
  64  5:31  Drone x2  
  67  5:38  Extractor  
  67  5:42  Extractor  
  65  5:43  Drone x2, Spore Crawler  
  65  5:44  Drone  
  65  5:45  Drone  
  65  5:47  Overlord  
  65  5:48  Overlord  
  68  5:56  Baneling  
  68  5:57  Baneling x3  
  68  6:15  Hatchery  
  68  6:16  Extractor  
  68  6:18  Baneling x5  
  65  6:19  Extractor  
  65  6:21  Drone  
  65  6:22  Drone  
  70  6:25  Roach x2  
  70  6:26  Roach, Queen  
  70  6:29  Overlord x2  
  70  6:30  Overlord x2  
  78  6:32  Roach  
  78  6:33  Roach  
  78  6:36  Zerg Flyer Weapons Level 1  
  78  6:38  Glial Reconstitution  
  78  6:51  Roach x2  
  82  6:56  Roach x2  
  82  6:58  Zerg Ground Armor Level 1  
  86  7:05  Evolution Chamber  
  86  7:06  Zergling x8  
  89  7:27  Zergling x6  
  92  7:30  Zerg Missile Weapons Level 1  
  92  7:33  Drone  
  92  7:35  Roach  
  92  7:36  Roach x3  
  101  7:41  Overlord, Pneumatized Carapace  
  101  7:44  Baneling x4  
  101  7:45  Baneling  
  101  7:46  Ravager  
  101  7:47  Ravager  
  101  7:50  Drone x3  
  106  7:55  Hydralisk Den  
  106  7:56  Drone x2  
  107  8:03  Drone  
  107  8:05  Queen  
  110  8:09  Overseer  
  110  8:16  Ravager x2  
  110  8:17  Ravager  
  110  8:19  Baneling x2  
  113  8:22  Drone  
  114  8:35  Infestation Pit  
  114  8:37  Zergling x4  
  92  9:03  Baneling  
  92  9:04  Baneling x3  
  92  9:06  Roach x2  
  92  9:07  Roach x2  
  97  9:11  Zergling x8  
  97  9:12  Zergling x10  
  106  9:17  Baneling  
  106  9:18  Baneling x5  
  106  9:22  Drone x3  
  109  9:33  Hydralisk  
  109  9:37  Baneling x4  
  109  9:38  Baneling x5  
  111  9:41  Drone  
  111  9:45  Grooved Spines  
  112  9:48  Zergling x4, Hive  
  112  9:49  Zergling x6  
  117  9:57  Drone x4  
  121  10:03  Zerg Melee Weapons Level 1  
  121  10:05  Zerg Ground Armor Level 2  
  121  10:10  Roach x3  
  127  10:16  Zergling x4  
  127  10:18  Overlord  
  127  10:19  Overlord x3  
  129  10:35  Muscular Augments  
  129  10:51  Zergling x4  
  129  10:52  Zergling x8  
  129  10:55  Baneling x4  
  129  10:56  Baneling x6  
  135  10:59  Drone  
  135  11:02  Lurker Den  
  135  11:04  Roach x2  
  135  11:05  Zergling x8  
  135  11:08  Adrenal Glands  
  142  11:27  Corruptor  
  142  11:28  Corruptor x6  
  115  12:21  Corruptor x5  
  96  12:56  Spore Crawler  
  95  13:00  Spore Crawler  
  95  13:02  Hydralisk x4  
  95  13:03  Hydralisk  
  104  13:10  Drone x3  
  107  13:13  Zergling x6  
  107  13:17  Extractor x2  
  107  13:19  Adaptive Talons  
  108  13:20  Hydralisk x2  
  108  13:21  Hydralisk x2  
  108  13:22  Zergling x6  
  119  13:32  Hatchery  
  118  13:52  Drone x2  
  118  13:53  Drone  
  121  13:56  Zergling x6  
  121  14:00  Hydralisk x3  
  121  14:01  Zergling x4  
  121  14:02  Zerg Missile Weapons Level 2  
  132  14:06  Zerg Flyer Armor Level 1  
  132  14:16  Seismic Spines  
  132  14:17  Baneling x2  
  132  14:18  Baneling x6  
  132  14:20  Hydralisk x2  
  136  14:32  Zergling x8  
  136  14:33  Zergling x4  
  136  14:38  Baneling x5  
  142  14:39  Baneling x3  
  142  14:41  Lurker x3  
  145  14:46  Zergling x12  
  151  14:54  Hydralisk x3  
  151  14:55  Zergling x2  
  151  14:57  Ultralisk Cavern  
  151  14:58  Overseer  
  157  15:00  Baneling x2  
  157  15:01  Baneling x7  
  157  15:02  Baneling  
  98  16:01  Corruptor x4  
  98  16:03  Ultralisk  
  98  16:04  Ultralisk  
  112  16:19  Spine Crawler x2  
  112  16:21  Zergling x10  
  89  16:33  Hydralisk x5  
Tags
 
League
Silver
Matchup
PvZ
Spawn Locations
Close Positions
Add a new tag
Caveats
  • Supply blocks, unpowered buildings, or Contaminate may cause inaccurate times.
  • Supply counts are checked every 10 seconds.